 Dungeon Crawl Stone Soup version 0.29-a0-92-gee772dd00f (webtiles) character file.

Game seed: 11276236573371830657

1016 lordive the Ruffian (level 8, 0/74 HPs)
             Began as a Troll Hunter on Feb 9, 2022.
             Slain by a steam dragon (3 damage)
             ... on level 5 of the Dungeon.
             The game lasted 00:08:22 (4375 turns).

lordive the Ruffian (Troll Hunter)                  Turns: 4375, Time: 00:08:22

Health: 0/74       AC:  4    Str: 21    XL:     8   Next: 1%
Magic:  7/7        EV: 10    Int:  9    God:
Gold:   101        SH:  0    Dex: 10    Spells: 7/7 levels left

rFire   . . .      SeeInvis .     - Unarmed
rCold   . . .      Faith    .   (no shield)
rNeg    . . .      Spirit   .   b - +0 robe
rPois   .          Reflect  .   (helmet restricted)
rElec   .          Harm     .   (no cloak)
rCorr   .          Rampage  .   (gloves unavailable)
Will    .....                   (boots unavailable)
Stlth   +.........              (no amulet)
HPRegen 1.02/turn               (no ring)
MPRegen 0.10/turn               (no ring)

@: no status effects
A: large, unfitting armour, claws 3, regeneration 1, shaggy fur 1, tough skin 1
a: no special abilities


You were on level 5 of the Dungeon.
You visited 2 branches of the dungeon, and saw 7 of its levels.

You collected 101 gold pieces.

Inventory:

Missiles
 d - 2 throwing nets (quivered)
Armour
 b - a +0 robe (worn)
 g - a +0 tower shield
Jewellery
 q - an amulet of magic regeneration
Wands
 i - a wand of flame (24)
Scrolls
 a - a scroll of brand weapon {unknown}
 e - a scroll of noise {unknown}
 f - 5 scrolls of identify {unknown}
 l - a scroll of amnesia {unknown}
 m - 3 scrolls of teleportation {unknown}
 p - a scroll of blinking {unknown}
 s - a scroll of immolation {unknown}
 t - a scroll of fear {unknown}
Potions
 h - a potion of haste {unknown}
 j - 2 potions of ambrosia {unknown}
 k - 2 potions of invisibility {unknown}
 n - a potion of heal wounds {unknown}
 o - a potion of degeneration {unknown}
 r - a potion of lignification {unknown}
 u - 3 potions of curing {unknown}
 v - a potion of flight {unknown}
 w - a potion of mutation {unknown}


   Skills:
 + Level 2.7 Fighting
 + Level 4.5 Throwing
 + Level 3.8 Dodging
 + Level 1.3 Stealth
 + Level 6.5 Unarmed Combat


You had 7 spell levels left.
You didn't know any spells.
Your spell library contained the following spells:

 Spells                   Type           Power      Damage    Failure   Level
 Corpse Rot               Necr/Air       0%         N/A       52%         2
 Poisonous Vapours        Pois/Air       0%         N/A       52%         2
 Static Discharge         Conj/Air       0%         N/A       52%         2
 Tukima's Dance           Hex            0%         N/A       77%         3
 Dispel Undead            Necr           0%         3d6       99%         4
 Passage of Golubria      Tloc           0%         N/A       99%         4
 Sticky Flame             Conj/Fire      0%         2d3       99%         4
 Yara's Violent Unravell  Hex/Tmut       0%         3d3       100%        5


Dungeon Overview and Level Annotations

Branches:
Dungeon (6/15)             Temple (1/1) D:4

Altars:
Ashenzari
Dithmenos
Elyvilon
Hepliaklqana
Kikubaaqudgha
Nemelex Xobeh
Okawaru
Trog
Uskayaw
Vehumet
Xom
Yredelemnul
Zin
The Shining One

Shops:
D:3 *


Innate Abilities, Weirdness & Mutations

You are too large for most types of armour.
You have claws for hands.
Your natural rate of healing is unusually fast.
You are covered in fur. (AC +1)
You have tough skin. (AC +1)


Message History

You throw a large rock. The large rock hits the steam dragon!
The steam dragon is heavily wounded.
You are engulfed in a cloud of scalding steam.
The steam dragon bites you! The steam dragon claws you.
The steam dragon barely misses you.
The steam dragon claws you but does no damage.
Unknown command.
Throw: 2 large rocks
Press: ? - help, Q - select action, (/) - cycle Shift-Dir - straight line, f/p - steam dragon
Aim: a steam dragon (heavily wounded, 59% to hit)
You throw a large rock.
The large rock hits the steam dragon but does no damage.
The steam dragon is heavily wounded.
You are engulfed in a cloud of scalding steam.
* * * LOW HITPOINT WARNING * * *
The steam dragon closely misses you. The steam dragon barely misses you.
Throw: large rock
Press: ? - help, Q - select action, (/) - cycle Shift-Dir - straight line, f/p - steam dragon
Aim: a steam dragon (heavily wounded, 59% to hit)
You throw a large rock.
The large rock closely misses the steam dragon.
The steam dragon barely misses you. The steam dragon claws you.
* * * LOW HITPOINT WARNING * * *
The steam dragon breathes steam at you. The ball of steam hits you!
* * * LOW HITPOINT WARNING * * *
Unknown command.
Unknown command.
You claw the steam dragon!
The steam dragon is severely wounded.
You are engulfed in a cloud of scalding steam.
* * * LOW HITPOINT WARNING * * *
The steam dragon barely misses you. The steam dragon claws you.
* * * LOW HITPOINT WARNING * * *
You scratch the steam dragon.
The steam dragon is almost dead.
You are engulfed in a cloud of scalding steam.
* * * LOW HITPOINT WARNING * * *
The steam dragon bites you.
You die...

#.# #.# ##+## #.#
##..§## #.##
##.....## #..##
##.....§.##
###...####......§§§#
.........'.....§..§+
###...####.....§.§.#
#..## ##.....@.##
#.## ##....D## #.#
##...## #.# ##'##
#.# #(# #.# #.# ...
... ....


You could see a steam dragon (catching breath).

Vanquished Creatures
  A water moccasin (D:5)
  2 ogres
  A gnoll sergeant (D:4)
  2 howler monkeys
  A jelly (D:4)
  4 hounds
  A gnoll shaman (D:5)
  A bullfrog zombie (D:5)
  2 iguanas
  An orc wizard (D:4)
  A hound zombie (D:5)
  A hound skeleton (D:4)
  Robin (D:3)
  A howler monkey skeleton (D:5)
  6 gnolls
  10 adders
  A white imp (D:3)
  2 dart slugs
  7 orcs
  7 bats
  4 endoplasms
  2 giant cockroaches
  12 goblins
  23 hobgoblins
  10 jackals
  4 quokkas
  11 ball pythons
  4 frilled lizards
  3 kobolds
  A rat (D:2)
127 creatures vanquished.

Notes
Turn   | Place    | Note
-------+----------+-------------------------------------------
     0 | D:1      | lordive the Troll Hunter began the quest for the Orb.
     0 | D:1      | Reached XP level 1. HP: 19/19 MP: 0/0
   108 | D:1      | Reached XP level 2. HP: 25/27 MP: 1/1
   581 | D:1      | Reached XP level 3. HP: 33/33 MP: 2/2
   883 | D:2      | Reached skill level 1 in Unarmed Combat
  1019 | D:2      | Reached XP level 4. HP: 22/41 MP: 3/3
  1033 | D:2      | Reached skill level 2 in Unarmed Combat
  1052 | D:2      | Found a faded altar of an unknown god.
  1468 | D:3      | Noticed Robin
  1485 | D:3      | Killed Robin
  1486 | D:3      | Reached XP level 5. HP: 49/49 MP: 4/4
  1489 | D:3      | Reached skill level 3 in Unarmed Combat
  1671 | D:3      | Found a glowing silver altar of Zin.
  1702 | D:3      | Found Zin's Purification Station.
  2423 | D:4      | Found a radiant altar of Vehumet.
  2448 | D:4      | Reached skill level 4 in Unarmed Combat
  2448 | D:4      | Reached XP level 6. HP: 50/57 MP: 5/5
  2459 | D:4      | Found a staircase to the Ecumenical Temple.
  3256 | Temple   | Entered the Ecumenical Temple
  3555 | D:4      | Found a shadowy altar of Dithmenos.
  3568 | D:4      | Reached skill level 1 in Stealth
  3568 | D:4      | Reached skill level 5 in Unarmed Combat
  3649 | D:4      | Found an ancient bone altar of Kikubaaqudgha.
  3692 | D:4      | You fall into a shaft and drop 2 floors!
  3697 | D:6      | Reached XP level 7. HP: 36/65 MP: 6/6
  3781 | D:5      | Entered Level 5 of the Dungeon
  4102 | D:5      | Reached skill level 6 in Unarmed Combat
  4291 | D:5      | Found a bloodstained altar of Trog.
  4351 | D:5      | Reached XP level 8. HP: 71/74 MP: 7/7
  4375 | D:5      | HP: 2/74 [steam dragon] (2)]
  4375 | D:5      | Slain by a steam dragon

Illustrated notes

Levels and vault maps discovered:
D:1:      minmay_arrival_four_loops, layout_basic, chequers_serial_rivers_marsh,
          roderic_lattice_a
D:2:      layout_basic, nicolae_ecumenical_snake_handling
D:3:      layout_loops_corners, zin_purify, uniq_robin
D:4:      layout_loops_ring, nicolae_kikubaaqudgha_miasma_corner,
          kennysheep_mini, lemuel_round_altar, temple_statues, sigmund_army
D:5:      layout_loops_corners, kennysheep_mini_moat
D:6:      layout_basic, lemuel_tele_altar
Temple:   jpeg_temple_island

Skill      XL: |  1  2  3  4  5  6  7 |
---------------+----------------------+-----
Throwing       | 4 |  4.5
Unarmed Combat | 1 2 4 5 6 |  6.5
Dodging        | 2 3 |  3.8
Fighting       | 2 |  2.7
Stealth        | 1 |  1.3

Action                   |  1- 3 |  4- 6 |  7- 9 || total
-------------------------+-------+-------+-------++-------
Melee: Unarmed           |   125 |   240 |    45 ||   410
       Punch             |     1 |     7 |     1 ||     9
Throw: Large rock        |       |     4 |     7 ||    11
 Stab: Sleeping          |       |     2 |       ||     2
Armor: Robe              |    46 |    68 |     6 ||   120
Dodge: Dodged            |    63 |   134 |    24 ||   221

Table legend: (Time is in decaauts)
 A = Elapsed time spent in this place.
 B = Non-inter-level travel time spent in this place.
 C = Inter-level travel time spent in this place.
 D = Time resting spent in this place.
 E = Time spent auto-exploring this place.
 F = Levels seen in this place.
 G = Mean time per level.
                   A        B        C        D        E       F      G
               +--------+--------+--------+--------+--------+-----+--------+
         Total |   4409 |   4205 |    204 |    142 |   3143 |   7 |  629.9 |
       Dungeon |   4129 |   3954 |    175 |    142 |   2897 |   6 |  688.2 |
        Temple |    279 |    251 |     28 |      0 |    246 |   1 |  279.0 |
               +--------+--------+--------+--------+--------+-----+--------+

Top non-repeatable levels by time:
     D:3: 1109 daAuts
     D:4: 882 daAuts
     D:1: 870 daAuts
     D:5: 595 daAuts
     D:2: 581 daAuts
  Temple: 279 daAuts
     D:6: 91 daAuts
